 Dungeon Crawl Stone Soup version 0.28.0-53-g5a82cb258f (webtiles) character file.

Game seed: 11288004578490220076

692 Plasmagod the Slasher (level 7, 0/61 HPs)
             Began as a Minotaur Fighter on July 28, 2022.
             Slain by Natasha (4 damage)
             ... on level 4 of the Dungeon.
             The game lasted 00:05:30 (3320 turns).

Plasmagod the Slasher (Minotaur Fighter)            Turns: 3320, Time: 00:05:30

Health: 0/61       AC: 17    Str: 21    XL:     7   Next: 36%
Magic:  6/6        EV:  8    Int:  5    God:
Gold:   153        SH:  5    Dex: 14    Spells: 6/6 levels left

rFire   + . .      SeeInvis .   k - +2 flail (protect)
rCold   + + .      Faith    .   c - +0 buckler
rNeg    . . .      Spirit   .   e - +0 chain mail
rPois   +          Reflect  .   (helmet restricted)
rElec   .          Harm     .   g - scarf {rC+ rF+}
rCorr   .          Rampage  .   (no gloves)
Will    +....                   (no boots)
Stlth   ..........              (no amulet)
HPRegen 0.20/turn               h - ring of willpower
MPRegen 0.10/turn               q - ring "Voosch Hixu" {*Corrode rPois rC+ Dex+3}

@: under a protective aura
A: horns 2, retaliatory headbutt
a: no special abilities


You were on level 4 of the Dungeon.
You visited 1 branch of the dungeon, and saw 4 of its levels.

You collected 153 gold pieces.

Inventory:

Hand Weapons
 a - a +0 long sword
 k - a +2 flail of protection (weapon)
Armour
 c - a +0 buckler (worn)
 e - a +0 chain mail (worn)
 g - a scarf of resistance (worn)
Jewellery
 h - a ring of willpower (left hand)
 n - a ring of positive energy
 q - the ring "Voosch Hixu" (right hand) {*Corrode rPois rC+ Dex+3}
   (You found it on level 4 of the Dungeon)

   [ring of protection from cold]

   Dex:       It affects your dexterity (+3).
   rC:        It protects you from cold.
   rPois:     It protects you from poison.
   *Corrode:  It may corrode you when you take damage.
Wands
 r - a wand of flame (24)
Scrolls
 b - a scroll of fog {unknown}
 i - a scroll of blinking {unknown}
 l - 2 scrolls of teleportation {unknown}
 m - a scroll of identify {unknown}
Potions
 d - a potion of might
 f - 2 potions of brilliance {unknown}
 j - a potion of heal wounds {unknown}
 o - a potion of lignification {unknown}
 p - a potion of curing {unknown}


   Skills:
 + Level 5.1 Fighting
 + Level 5.7 Long Blades
 + Level 4.3 Maces & Flails
 + Level 5.6 Armour
 + Level 1.4 Dodging
 + Level 0.1 Stealth
 + Level 4.5 Shields


You had 6 spell levels left.
You didn't know any spells.
Your spell library was empty.

Dungeon Overview and Level Annotations

Branches:
Dungeon (4/15)
 Temple: D:4-7

Altars:
The Shining One

Annotations:
D:4 Natasha


Innate Abilities, Weirdness & Mutations

You have a pair of horns on your head.
You reflexively headbutt those who attack you in melee.


Message History

Edmund misses you.
You completely miss Edmund.
Edmund is almost dead.
The necrophage closely misses you.
Edmund hits you with a +3 flail of protection.
You closely miss Edmund.
Edmund is almost dead.
The necrophage hits you but does no damage.
You block Natasha's attack. You block Edmund's attack. The necrophage hits you.
Natasha drinks a potion.
Natasha seems to grow stronger.
You barely miss Edmund.
Edmund is almost dead.
Edmund hits you with a +3 flail of protection.
The necrophage hits you but does no damage.
Natasha claws you.
* * * LOW HITPOINT WARNING * * *
You block Edmund's attack.
You hit Edmund.
Your weapon exudes an aura of protection.
Edmund is almost dead.
Natasha stares at you and mumbles some strange words.
The magic dart hits you.
* * * LOW HITPOINT WARNING * * *
The necrophage completely misses you. Edmund hits you but does no damage.
You hit Edmund. You headbutt Edmund.
You kill Edmund!
The necrophage hits you but does no damage.
Natasha claws you!
* * * LOW HITPOINT WARNING * * *
Natasha barely misses you. You furiously retaliate!
You headbutt Natasha.
The necrophage hits you but does no damage.
Your life force feels restored.
Your Maces & Flails skill increases to level 4!
You hit Natasha. You headbutt Natasha.
Natasha is almost dead.
The necrophage barely misses you. Natasha claws you but does no damage.
You barely miss Natasha. You headbutt Natasha, but do no damage.
Natasha is almost dead.
Natasha claws you.
You die...

##...#........#........#
##...#........#........#
#....#.......<##'###...#
'....#)†..........##...#
#....'.†..........#....#
##...#............#....#
##...#............#....#
.#...#...........n######
.'...'.........h@)......#
.#...#.......#####......#
###+##.......# ......# #
#.......# ......# .# ..
......# .# ......# ##
......#


You could see a necrophage and Natasha (strong).

Vanquished Creatures
  Grinder (D:4)
  Edmund (D:4)
  A scorpion (D:4)
  A bullfrog zombie (D:3)
  An orc priest (D:3)
  Ijyb (D:4)
  Natasha (twice) (D:4)
  An orc wizard (D:3)
  Robin (D:4)
  A gnoll (D:1)
  4 adders
  An ufetubus (D:4)
  A worm (D:3)
  A dart slug (D:1)
  7 orcs
  6 bats
  7 endoplasms
  A giant cockroach (D:1)
  11 goblins
  11 hobgoblins
  6 jackals (D:4)
  6 kobolds
  2 quokkas (D:3)
  4 ball pythons
  3 frilled lizards
  7 rats
89 creatures vanquished.

Notes
Turn   | Place    | Note
-------+----------+-------------------------------------------
     0 | D:1      | Plasmagod the Minotaur Fighter began the quest for the Orb.
     0 | D:1      | Reached XP level 1. HP: 19/19 MP: 0/0
   402 | D:1      | Reached XP level 2. HP: 27/27 MP: 1/1
   685 | D:1      | Reached XP level 3. HP: 33/33 MP: 2/2
  1500 | D:3      | Reached XP level 4. HP: 20/40 MP: 3/3
  1908 | D:3      | Found a glowing golden altar of the Shining One.
  1952 | D:3      | Found a faded altar of an unknown god.
  2036 | D:3      | Reached skill level 5 in Long Blades
  2036 | D:3      | Reached XP level 5. HP: 44/47 MP: 4/4
  2798 | D:4      | Noticed Grinder
  2806 | D:4      | Killed Grinder
  2807 | D:4      | Reached skill level 5 in Armour
  2807 | D:4      | Reached skill level 1 in Dodging
  2807 | D:4      | Reached XP level 6. HP: 53/53 MP: 5/5
  2816 | D:4      | Noticed Natasha
  2821 | D:4      | Killed Natasha
  2927 | D:4      | Identified the ring "Voosch Hixu" {*Corrode rPois rC+
                  | Dex+3}
  2928 | D:4      | Noticed Robin
  2941 | D:4      | Killed Robin
  3186 | D:4      | Noticed Natasha
  3189 | D:4      | Killed Natasha
  3190 | D:4      | Reached XP level 7. HP: 60/60 MP: 6/6
  3207 | D:4      | Noticed Ijyb
  3218 | D:4      | Killed Ijyb
  3222 | D:4      | Reached skill level 5 in Fighting
  3301 | D:4      | Noticed Edmund
  3309 | D:4      | Noticed Natasha
  3318 | D:4      | Killed Edmund
  3318 | D:4      | HP: 3/60 [Natasha (9)]
  3320 | D:4      | Slain by Natasha

Illustrated notes

Levels and vault maps discovered:
D:1:      kilobyte_arrival_exit_the_forest, layout_basic
D:2:      layout_basic, hangedman_decor_peaks_small, serial_bayou_pond_d
D:3:      layout_loops_corners, tso_metal_star, basic_ecumenical_altar
D:4:      layout_gridville, uniq_natasha, uniq_grinder, uniq_robin, uniq_ijyb,
          uniq_edmund

Skill      XL: |  1  2  3  4  5  6  7 |
---------------+----------------------+-----
Long Blades    | 3 4 5 |  5.7
Armour         | 4 5 |  5.6
Fighting       | 4 5 |  5.1
Shields        | 4 |  4.5
Maces & Flails | 2 3 4 |  4.3
Dodging        | 1 |  1.4
Stealth        | |  0.1

Action                   |  1- 3 |  4- 6 |  7- 9 || total
-------------------------+-------+-------+-------++-------
Melee: Long sword        |    81 |    18 |       ||    99
       Headbutt          |     9 |    14 |     8 ||    31
       Flail             |       |    66 |    36 ||   102
  Use: Potion            |       |     1 |       ||     1
Armor: Chain mail        |    43 |    51 |    26 ||   120
       Scale mail        |     1 |       |       ||     1
Dodge: Dodged            |    26 |    45 |    23 ||    94
Block: Buckler           |    13 |    14 |    12 ||    39
